| TOP OF THE 1ST |
|
Chester Pirates batting - Pitching for Southern Maryland Blue Crabs : RHP Gerardo Sanchez
|
|
Pitching: RHP Gerardo Sanchez
|
|
|
Batting: RHB Edwardo Tanchez
|
0-0: Foul Ball, location: 2F 0-1: Ball 1-1: Swinging Strike 1-2: Ball 2-2: Foul Ball, location: 2F 2-2: Ball 3-2: Base on Balls
|
|
Batting: RHB Rafael Galicia
|
0-0: Ball 1-0: Fielders Choice at 2nd, 6-4 (Groundball, 6, EV 86.2 MPH)
|
|
Batting: RHB Zach Chmieleski
|
0-0: Foul Ball, location: 2F 0-1: Called Strike 0-2: Ball 1-2: 2-RUN HOME RUN (Flyball, 9D, EV 99.4 MPH), Distance : 395 ft
|
|
Batting: RHB Bob Buckler
|
0-0: Ball 1-0: Ball 2-0: Ball 3-0: Called Strike 3-1: Swinging Strike 3-2: Fly out, F7 (Flyball, 78M, EV 85.0 MPH)
|
|
Batting: RHB Matt Rangel
|
0-0: Foul Ball, location: 2F 0-1: Ball 1-1: Foul Ball, location: 2F 1-2: Foul Ball, location: 2F 1-2: Ball 2-2: Foul Ball, location: 2F 2-2: Strikes out swinging
|
| Top of the 1st over - 2 runs, 1 hit, 0 errors, 0 left on base; Chester 2 - Southern Maryland 0 |
| BOTTOM OF THE 1ST |
|
Southern Maryland Blue Crabs batting - Pitching for Chester Pirates : RHP Tom Pinksen
|
|
Pitching: RHP Tom Pinksen
|
|
|
Batting: RHB Josh Ludwig
|
0-0: Ball 1-0: Ball 2-0: Called Strike 2-1: SINGLE (Line Drive, 89S, EV 96.2 MPH)
|
|
Batting: RHB Josh Kurth
|
0-0: Grounds into double play, 4-6-3 (Groundball, 4, EV 88.8 MPH)
|
|
Batting: RHB Oscar Chapa
|
0-0: Ball 1-0: Ball 2-0: Ball 3-0: Called Strike 3-1: Ground out 5-3 (Groundball, 15, EV 81.2 MPH)
|
| Bottom of the 1st over - 0 runs, 1 hit, 0 errors, 0 left on base; Chester 2 - Southern Maryland 0 |
| TOP OF THE 2ND |
|
Chester Pirates batting - Pitching for Southern Maryland Blue Crabs : RHP Gerardo Sanchez
|
|
Batting: LHB Sean Driscoll
|
0-0: Fly out, F8 (Flyball, 8LM, EV 92.5 MPH)
|
|
Batting: RHB William Lindsey
|
0-0: Swinging Strike 0-1: Swinging Strike 0-2: Foul Ball, location: 2F 0-2: Strikes out swinging
|
|
Batting: RHB Joe Stepnowski
|
0-0: Swinging Strike 0-1: Foul Ball, location: 2F 0-2: Strikes out swinging
|
| Top of the 2nd over - 0 runs, 0 hits, 0 errors, 0 left on base; Chester 2 - Southern Maryland 0 |
| BOTTOM OF THE 2ND |
|
Southern Maryland Blue Crabs batting - Pitching for Chester Pirates : RHP Tom Pinksen
|
|
Batting: RHB David Gomez
|
0-0: Called Strike 0-1: Ball 1-1: Foul Ball, location: 2F 1-2: SOLO HOME RUN (Flyball, 7D, EV 102.5 MPH), Distance : 387 ft
|
|
Batting: RHB Han Caspers
|
0-0: Foul Ball, location: 2F 0-1: Swinging Strike 0-2: Ball 1-2: SINGLE (Groundball, 4MD, EV 106.9 MPH)
|
|
Batting: RHB Sam Parra
|
0-0: Ball 1-0: Grounds into double play, 5-4-3 (Groundball, 5, EV 83.8 MPH)
|
|
Batting: RHB John Lowe
|
0-0: Foul Ball, location: 2F 0-1: Called Strike 0-2: Strikes out swinging
|
| Bottom of the 2nd over - 1 run, 2 hits, 0 errors, 0 left on base; Chester 2 - Southern Maryland 1 |
| TOP OF THE 3RD |
|
Chester Pirates batting - Pitching for Southern Maryland Blue Crabs : RHP Gerardo Sanchez
|
|
Batting: RHB Freddy Mulholland
|
0-0: Called Strike 0-1: Swinging Strike 0-2: Strikes out swinging
|
|
Batting: RHB Edwardo Tanchez
|
0-0: Ball 1-0: Ball 2-0: Called Strike 2-1: Fly out, F8 (Flyball, 8LM, EV 85.0 MPH)
|
|
Batting: RHB Rafael Galicia
|
0-0: Ball 1-0: Ball 2-0: Fly out, F7 (Flyball, 7, EV 86.9 MPH)
|
| Top of the 3rd over - 0 runs, 0 hits, 0 errors, 0 left on base; Chester 2 - Southern Maryland 1 |
| BOTTOM OF THE 3RD |
|
Southern Maryland Blue Crabs batting - Pitching for Chester Pirates : RHP Tom Pinksen
|
|
Batting: RHB Kyle Beeks
|
0-0: Called Strike 0-1: Ball 1-1: Ball 2-1: Bunt for hit to 13S - play at first, batter safe!
|
|
Batting: RHB Adam Cooper
|
0-0: Called Strike 0-1: Ball Passed Ball! Kyle Beeks to second 1-1: Foul Ball, location: 2F 1-2: Ball 2-2: Ground out 6-3 (Groundball, 6, EV 88.8 MPH)
|
|
Batting: RHB Josh Ludwig
|
0-0: Fly out, F8 (Flyball, 89D, EV 91.9 MPH) Runner from 2nd tags up, SAFE at 3rd, no throw by CF
|
|
Batting: RHB Josh Kurth
|
0-0: Called Strike 0-1: 2-RUN HOME RUN (Flyball, 7D, EV 100.0 MPH), Distance : 384 ft
|
|
Batting: RHB Oscar Chapa
|
0-0: Ground out 5-3 (Groundball, 56, EV 105.0 MPH)
|
| Bottom of the 3rd over - 2 runs, 2 hits, 0 errors, 0 left on base; Chester 2 - Southern Maryland 3 |
| TOP OF THE 4TH |
|
Chester Pirates batting - Pitching for Southern Maryland Blue Crabs : RHP Gerardo Sanchez
|
|
Batting: RHB Zach Chmieleski
|
0-0: Called Strike 0-1: Ball 1-1: Ball 2-1: Ball 3-1: Foul Ball, location: 2F 3-2: Base on Balls
|
|
Batting: RHB Bob Buckler
|
0-0: Ball 1-0: SINGLE (Line Drive, 89M, EV 91.2 MPH) Zach Chmieleski to second
|
|
Batting: RHB Matt Rangel
|
0-0: Ball 1-0: Called Strike 1-1: Fly out, F8 (Flyball, 8RXD, EV 101.9 MPH) Runner from 2nd tags up, SAFE at 3rd, no throw by CF
|
|
Batting: LHB Sean Driscoll
|
0-0: Swinging Strike 0-1: Ball 1-1: Ball 2-1: Swinging Strike 2-2: Fly out, F7 (Flyball, 7D, EV 92.5 MPH)
|
|
Batting: RHB William Lindsey
|
0-0: Ball 1-0: Ball 2-0: Called Strike 2-1: Fly out, F9 (Flyball, 9, EV 85.0 MPH)
|
| Top of the 4th over - 0 runs, 1 hit, 0 errors, 2 left on base; Chester 2 - Southern Maryland 3 |
| BOTTOM OF THE 4TH |
|
Southern Maryland Blue Crabs batting - Pitching for Chester Pirates : RHP Tom Pinksen
|
|
Batting: RHB David Gomez
|
0-0: Called Strike 0-1: Called Strike 0-2: Ball 1-2: Ball 2-2: Ground out U3 (Groundball, 3, EV 93.1 MPH)
|
|
Batting: RHB Han Caspers
|
0-0: SINGLE (Line Drive, 5D, EV 94.4 MPH)
|
|
Batting: RHB Sam Parra
|
0-0: Ball 1-0: Ball 2-0: Foul Ball, location: 2F 2-1: Ball 3-1: Called Strike 3-2: Fly out, F8 (Flyball, 89M, EV 91.9 MPH)
|
|
Batting: RHB John Lowe
|
0-0: Ball 1-0: Fielders Choice at 2nd, 6-4 (Groundball, 6, EV 98.1 MPH)
|
| Bottom of the 4th over - 0 runs, 1 hit, 0 errors, 1 left on base; Chester 2 - Southern Maryland 3 |
| TOP OF THE 5TH |
|
Chester Pirates batting - Pitching for Southern Maryland Blue Crabs : RHP Gerardo Sanchez
|
|
Batting: RHB Joe Stepnowski
|
0-0: Ball 1-0: Ball 2-0: Called Strike 2-1: Ground out 5-3 (Groundball, 5L, EV 82.5 MPH)
|
|
Batting: RHB Freddy Mulholland
|
0-0: Fly out, F9 (Flyball, 89M, EV 83.8 MPH)
|
|
Batting: RHB Edwardo Tanchez
|
0-0: Foul Ball, location: 2F 0-1: Ball 1-1: Ball 2-1: Foul Ball, location: 2F 2-2: Foul Ball, location: 2F 2-2: Foul Ball, location: 2F 2-2: Foul Ball, location: 2F 2-2: SINGLE (Flyball, 4D, EV 92.5 MPH)
|
|
Batting: RHB Rafael Galicia
|
0-0: Called Strike 0-1: Ground out 1-3 (Groundball, 25, EV 78.1 MPH)
|
| Top of the 5th over - 0 runs, 1 hit, 0 errors, 1 left on base; Chester 2 - Southern Maryland 3 |
| BOTTOM OF THE 5TH |
|
Southern Maryland Blue Crabs batting - Pitching for Chester Pirates : RHP Tom Pinksen
|
|
Batting: RHB Kyle Beeks
|
0-0: Called Strike 0-1: Ball 1-1: Foul Ball, location: 2F 1-2: Strikes out swinging
|
|
Batting: RHB Adam Cooper
|
0-0: Swinging Strike 0-1: Ball 1-1: Ball 2-1: Fly out, F7 (Flyball, 78S, EV 88.8 MPH)
|
|
Batting: RHB Josh Ludwig
|
0-0: Ball 1-0: Called Strike 1-1: Foul Ball, location: 2F 1-2: Foul Ball, location: 2F 1-2: Ball 2-2: Fly out, F7 (Line Drive, 7, EV 89.4 MPH)
|
| Bottom of the 5th over - 0 runs, 0 hits, 0 errors, 0 left on base; Chester 2 - Southern Maryland 3 |
| TOP OF THE 6TH |
|
Chester Pirates batting - Pitching for Southern Maryland Blue Crabs : RHP Gerardo Sanchez
|
|
Batting: RHB Zach Chmieleski
|
0-0: Foul Ball, location: 2F 0-1: Foul Ball, location: 2F 0-2: Ball 1-2: Fly out, F7 (Flyball, 7D, EV 97.5 MPH)
|
|
Batting: RHB Bob Buckler
|
0-0: Ball 1-0: Ball 2-0: Ball 3-0: Called Strike 3-1: Swinging Strike 3-2: Foul Ball, location: 2F 3-2: Foul Ball, location: 2F 3-2: Foul Ball, location: 2F 3-2: Base on Balls
|
|
Batting: RHB Matt Rangel
|
0-0: Ball 1-0: Ball 2-0: Foul Ball, location: 2F 2-1: Foul Ball, location: 2F 2-2: Ball 3-2: Base on Balls Bob Buckler to second
|
|
Batting: LHB Sean Driscoll
|
0-0: Ball 1-0: Ball 2-0: SINGLE (Line Drive, 4D, EV 98.8 MPH) Bob Buckler to third Matt Rangel to second
|
|
Batting: RHB William Lindsey
|
0-0: Called Strike 0-1: Ball 1-1: Reached on error, E5 (Groundball, 56S, EV 87.5 MPH) Bob Buckler scores Matt Rangel to third Sean Driscoll to second
|
|
Batting: RHB Joe Stepnowski
|
0-0: SINGLE (Groundball, 6, EV 105.6 MPH) Matt Rangel scores Sean Driscoll to third William Lindsey to second
|
|
Batting: RHB Freddy Mulholland
|
0-0: Called Strike 0-1: Ball 1-1: Swinging Strike 1-2: Strikes out swinging
|
|
Pitching: RHP Reese Porter
|
|
|
Batting: RHB Edwardo Tanchez
|
0-0: Ball 1-0: Ball 2-0: Called Strike 2-1: Foul Ball, location: 2F 2-2: Ball 3-2: Base on Balls Sean Driscoll scores William Lindsey to third Joe Stepnowski to second
|
|
Batting: RHB Rafael Galicia
|
0-0: Called Strike 0-1: Ball 1-1: SINGLE (Groundball, 56S, EV 63.8 MPH) (infield hit) William Lindsey scores Joe Stepnowski to third Edwardo Tanchez to second
|
|
Batting: RHB Zach Chmieleski
|
0-0: GRAND SLAM HOME RUN (Line Drive, 7D, EV 110.0 MPH), Distance : 410 ft
|
|
Batting: RHB Bob Buckler
|
0-0: Called Strike 0-1: Called Strike 0-2: Ball 1-2: Strikes out swinging
|
| Top of the 6th over - 8 runs, 4 hits, 1 error, 0 left on base; Chester 10 - Southern Maryland 3 |
| BOTTOM OF THE 6TH |
|
Southern Maryland Blue Crabs batting - Pitching for Chester Pirates : RHP Tom Pinksen
|
|
Batting: RHB Josh Kurth
|
0-0: Ground out U3 (Groundball, 34, EV 91.2 MPH)
|
|
Batting: RHB Oscar Chapa
|
0-0: Foul Ball, location: 2F 0-1: Swinging Strike 0-2: Strikes out swinging
|
|
Batting: RHB David Gomez
|
0-0: Ball 1-0: Ball 2-0: Called Strike 2-1: Foul Ball, location: 2F 2-2: Ball 3-2: Fly out, F3 (Line Drive, 3, EV 71.2 MPH)
|
| Bottom of the 6th over - 0 runs, 0 hits, 0 errors, 0 left on base; Chester 10 - Southern Maryland 3 |
| TOP OF THE 7TH |
|
Chester Pirates batting - Pitching for Southern Maryland Blue Crabs : RHP Reese Porter
|
|
Batting: RHB Matt Rangel
|
0-0: Ball 1-0: SOLO HOME RUN (Flyball, 7D, EV 106.2 MPH), Distance : 388 ft
|
|
Pitching: RHP Vince Buxton
|
|
|
Batting: LHB Sean Driscoll
|
0-0: Called Strike 0-1: Ball 1-1: Fly out, F8 (Flyball, 8RM, EV 83.8 MPH)
|
|
Batting: RHB William Lindsey
|
0-0: Called Strike 0-1: Ball 1-1: Foul Ball, location: 2F 1-2: Ball 2-2: Foul Ball, location: 2F 2-2: Fly out, F8 (Flyball, 89M, EV 98.1 MPH)
|
|
Batting: RHB Joe Stepnowski
|
0-0: Ball 1-0: Foul Ball, location: 2F 1-1: Foul Ball, location: 2F 1-2: Ball 2-2: Fly out, F8 (Flyball, 8RM, EV 93.8 MPH)
|
| Top of the 7th over - 1 run, 1 hit, 0 errors, 0 left on base; Chester 11 - Southern Maryland 3 |
| BOTTOM OF THE 7TH |
|
Southern Maryland Blue Crabs batting - Pitching for Chester Pirates : RHP Tom Pinksen
|
|
Batting: RHB Han Caspers
|
0-0: Ball 1-0: Ground out U3 (Groundball, 34, EV 77.5 MPH)
|
|
Pitching: RHP Justin Rousell
|
|
|
Pinch Hitting: RHB Fernando Acosta
|
0-0: Ball 1-0: Swinging Strike 1-1: Ground out 4-3 (Groundball, 4M, EV 104.4 MPH)
|
|
Batting: RHB John Lowe
|
0-0: Ball 1-0: Ball 2-0: SINGLE (Line Drive, 7LM, EV 101.9 MPH)
|
|
Batting: RHB Kyle Beeks
|
0-0: Called Strike 0-1: Ball John Lowe steals 2nd base (no throw) 1-1: Ball 2-1: Ground out U3 (Groundball, 34, EV 97.5 MPH)
|
| Bottom of the 7th over - 0 runs, 1 hit, 0 errors, 1 left on base; Chester 11 - Southern Maryland 3 |
| TOP OF THE 8TH |
|
Chester Pirates batting - Pitching for Southern Maryland Blue Crabs : RHP Vince Buxton
|
|
Now at SS: Fernando Acosta
|
|
|
Now in RF: John Lowe
|
|
|
Batting: RHB Freddy Mulholland
|
0-0: Called Strike 0-1: Foul Ball, location: 2F 0-2: Fly out, F8 (Flyball, 8RD, EV 87.5 MPH)
|
|
Batting: RHB Edwardo Tanchez
|
0-0: Swinging Strike 0-1: Fly out, F9 (Line Drive, 9LM, EV 100.0 MPH)
|
|
Batting: RHB Rafael Galicia
|
0-0: Called Strike 0-1: Foul Ball, location: 2F 0-2: Strikes out swinging
|
| Top of the 8th over - 0 runs, 0 hits, 0 errors, 0 left on base; Chester 11 - Southern Maryland 3 |
| BOTTOM OF THE 8TH |
|
Southern Maryland Blue Crabs batting - Pitching for Chester Pirates : RHP Justin Rousell
|
|
Pinch Hitting: LHB Taylor Plummer
|
0-0: Called Strike 0-1: Ball 1-1: Called Strike 1-2: Ball 2-2: Foul Ball, location: 2F 2-2: Ball 3-2: Base on Balls
|
|
Batting: RHB Josh Ludwig
|
0-0: TRIPLE (Flyball, 89XD, EV 102.5 MPH) Taylor Plummer scores
|
|
Batting: RHB Josh Kurth
|
0-0: Called Strike 0-1: Ball 1-1: Foul Ball, location: 2F 1-2: Strikes out swinging
|
|
Batting: RHB Oscar Chapa
|
0-0: Called Strike 0-1: Ball 1-1: Ground out 5-3 (Groundball, 25, EV 84.4 MPH)
|
|
Batting: RHB David Gomez
|
0-0: Foul Ball, location: 2LF, Error on foul ball, E2 0-1: Ball 1-1: Ball Wild Pitch! Josh Ludwig scores 2-1: Ball 3-1: Called Strike 3-2: Foul Ball, location: 2F 3-2: Base on Balls
|
|
Batting: RHB Han Caspers
|
0-0: Ball 1-0: Swinging Strike 1-1: Called Strike 1-2: Ball 2-2: Ball 3-2: Base on Balls David Gomez to second
|
|
Batting: RHB Fernando Acosta
|
0-0: Ball 1-0: Foul Ball, location: 2F 1-1: Ball 2-1: Ground out 1-3 (Groundball, P, EV 70.0 MPH)
|
| Bottom of the 8th over - 2 runs, 1 hit, 1 error, 2 left on base; Chester 11 - Southern Maryland 5 |
| TOP OF THE 9TH |
|
Chester Pirates batting - Pitching for Southern Maryland Blue Crabs : RHP Vince Buxton
|
|
Now at 1B: Taylor Plummer
|
|
|
Batting: RHB Zach Chmieleski
|
0-0: Called Strike 0-1: Ball 1-1: Swinging Strike 1-2: Foul Ball, location: 2F 1-2: Strikes out swinging
|
|
Batting: RHB Bob Buckler
|
0-0: Called Strike 0-1: Ball 1-1: SINGLE (Flyball, 9LS, EV 85.6 MPH)
|
|
Batting: RHB Matt Rangel
|
0-0: Ball 1-0: Swinging Strike 1-1: Fly out, F9 (Line Drive, 9, EV 105.6 MPH)
|
|
Batting: LHB Sean Driscoll
|
0-0: Ball 1-0: Foul Ball, location: 2F 1-1: SINGLE (Line Drive, 9S, EV 86.9 MPH) Bob Buckler to second Runner from 2nd tries for 3rd, SAFE, throw by RF made to third
|
|
Batting: RHB William Lindsey
|
0-0: Called Strike 0-1: SINGLE (Groundball, 56, EV 100.6 MPH) Bob Buckler scores Sean Driscoll to second
|
|
Batting: RHB Joe Stepnowski
|
0-0: Called Strike 0-1: DOUBLE (Line Drive, 9LD, EV 105.6 MPH) Sean Driscoll scores William Lindsey to third Runner from 3rd tries for Home, SAFE, no throw by RF
|
|
Batting: RHB Freddy Mulholland
|
0-0: Ball 1-0: Foul Ball, location: 2F 1-1: Foul Ball, location: 2F 1-2: Ground out 5-3 (Groundball, 56, EV 85.0 MPH)
|
| Top of the 9th over - 3 runs, 4 hits, 0 errors, 1 left on base; Chester 14 - Southern Maryland 5 |
| BOTTOM OF THE 9TH |
|
Southern Maryland Blue Crabs batting - Pitching for Chester Pirates : RHP Justin Rousell
|
|
Pitching: RHP Dan Cauble
|
|
|
Batting: RHB John Lowe
|
0-0: Swinging Strike 0-1: Ground out 6-3 (Groundball, 6, EV 86.2 MPH)
|
|
Pinch Hitting: LHB Bob Neale
|
0-0: Ball 1-0: Swinging Strike 1-1: Ball 2-1: Foul Ball, location: 2F 2-2: Foul Ball, location: 2F 2-2: Foul Ball, location: 2F 2-2: Strikes out swinging
|
|
Pinch Hitting: LHB Mat Bencivengo
|
0-0: Ball 1-0: Ball 2-0: Called Strike 2-1: Called Strike 2-2: Foul Ball, location: 2F 2-2: Ground out 4-3 (Groundball, 4, EV 77.5 MPH)
|
| Bottom of the 9th over - 0 runs, 0 hits, 0 errors, 0 left on base; Chester 14 - Southern Maryland 5 |
|